 Dungeon Crawl Stone Soup version 0.21-a0-258-g4c0eb85 (webtiles) character file.

132 tof the Slasher (level 4, -1/40 HPs)
             Began as a Minotaur Berserker on Sept 6, 2017.
             Was a Believer of Trog.
             Slain by Grinder (5 damage)
             ... on level 3 of the Dungeon.
             The game lasted 00:04:36 (2249 turns).

tof the Slasher (Minotaur Berserker)                Turns: 2249, Time: 00:04:37

Health: -1/40      AC:  5    Str: 22    XL:     4   Next: 92%
Magic:  3/3        EV: 12    Int:  4    God:    Trog [**....]
Gold:   57         SH:  0    Dex: 10    Spells: 3/3 levels left

rFire    . . .     SeeInvis .   a - +0 falchion
rCold    . . .     Gourm    .   (no shield)
rNeg     . . .     Faith    .   o - +0 ring mail
rPois    .         Spirit   .   (helmet restricted)
rElec    .         Reflect  .   (no cloak)
rCorr    .         Harm     .   (no gloves)
MR       .....                  (no boots)
Stlth    ..........             l - amulet of magic regeneration
HPRegen  0.13/turn              (no ring)
MPRegen  0.33/turn              (no ring)

@: no status effects
A: retaliatory headbutt, horns 2
a: Berserk, Trog's Hand, Burn Spellbooks, Renounce Religion


You were on level 3 of the Dungeon.
You worshipped Trog.
Trog was pleased with you.
You were not hungry.

You visited 1 branch of the dungeon, and saw 3 of its levels.

You collected 57 gold pieces.

Inventory:

Hand Weapons
 a - a +0 falchion (weapon)
Missiles
 n - 9 poisoned needles
Armour
 o - a +0 ring mail (worn)
Jewellery
 l - an amulet of magic regeneration (around neck)
Scrolls
 e - 2 scrolls of immolation
 f - 3 scrolls of remove curse
 h - 2 scrolls of magic mapping
 i - a scroll of fear {unknown}
 k - a scroll of teleportation
 p - a scroll of random uselessness {unknown}
 q - a scroll of enchant armour {unknown}
Potions
 g - a potion of lignification
 j - a potion of curing
 m - 2 potions of heal wounds
Comestibles
 b - 8 chunks of flesh
 c - 2 bread rations
 d - a meat ration


   Skills:
 + Level 4.1 Fighting
 * Level 5.0 Long Blades
 * Level 4.2 Armour
 + Level 2.9 Dodging


You had 3 spell levels left.
You didn't know any spells.

Dungeon Overview and Level Annotations

Branches:
Dungeon (3/15)

Altars:
Okawaru
Qazlal

Annotations:
D:3 Grinder


Innate Abilities, Weirdness & Mutations

You reflexively headbutt those who attack you in melee.
You have a pair of horns on your head.


Message History

Trog accepts your kill.
You start resting.
Grinder comes into view.
Grinder shouts!
Grinder blinks!
Grinder hits you!
You slash Grinder! Your headbutt misses Grinder.
Grinder is moderately wounded.
Grinder barely misses you. You furiously retaliate!
You headbutt Grinder!
A giant cockroach comes into view.
You hit Grinder.
Grinder is heavily wounded.
Grinder hits you.
You writhe in agony.
* * * LOW HITPOINT WARNING * * *
You hit Grinder.
Grinder is severely wounded.
Grinder hits you!
* * * LOW HITPOINT WARNING * * *
You writhe in agony.
You die...

.....# .(.##.# #
##.##.#.##.
..).........### ##
...####.###.#.. .# #
)### #.###.#.# .##.# )#
#.......# .s. )##
#.##.###5#
..########.##...@.##.#
........##...........#
...####.##..###.........
.....<.......###########
...####......# ..##
#......# ### ##.....#
#.....# #######


You could see Grinder and a giant cockroach.

Vanquished Creatures
  An orc wizard (D:3)
  3 adders
  An ooze (D:3)
  A worm (D:3)
  A dart slug (D:2)
  A leopard gecko (D:3)
  3 orcs (D:3)
  4 bats
  11 goblins
  7 hobgoblins
  7 jackals
  5 kobolds (D:2)
  2 quokkas
  3 ball pythons
  6 frilled lizards
  A rat (D:3)
57 creatures vanquished.

Notes
Turn   | Place    | Note
-------+----------+-------------------------------------------
     0 | D:1      | tof the Minotaur Berserker began the quest for the Orb.
     0 | D:1      | Reached XP level 1. HP: 19/19 MP: 0/0
   233 | D:1      | Reached XP level 2. HP: 21/27 MP: 1/1
   284 | D:1      | Reached skill level 4 in Long Blades
  1103 | D:2      | Reached XP level 3. HP: 33/33 MP: 2/2
  1621 | D:2      | Found a stormy altar of Qazlal.
  1621 | D:2      | Found an iron altar of Okawaru.
  1907 | D:3      | Reached XP level 4. HP: 38/40 MP: 3/3
  1912 | D:3      | Reached ** piety under Trog
  2207 | D:3      | Reached skill level 5 in Long Blades
  2244 | D:3      | Noticed Grinder
  2249 | D:3      | Slain by Grinder

Vault maps used:
D:1:      roderic_octagonal_star
D:2:      gammafunk_temple_overflow_elements, first_bread
D:3:      uniq_crazy_yiuf_cottage, uniq_grinder

Skill      XL: |  1  2  3  4 |
---------------+-------------+-----
Long Blades    | 4 5 |  5.0
Armour         | 3 4 |  4.2
Fighting       | 4 |  4.1
Dodging        | |  2.9

Action                   |  1- 3 |  4- 6 || total
-------------------------+-------+-------++-------
Melee: Falchion          |    71 |    55 ||   126
       Headbutt          |    10 |    10 ||    20
  Use: Scroll            |     7 |       ||     7
 Stab: Sleeping          |     1 |       ||     1
  Eat: Chunk             |     3 |     1 ||     4
Armor: Animal skin       |     7 |       ||     7
       Ring mail         |    12 |    10 ||    22
Dodge: Dodged            |    42 |    28 ||    70
       Rpst.: Falchion   |    15 |     5 ||    20

Table legend:
 A = Spawn XP
 B = Non-spawn XP
 C = Spawn XP percentage of total XP
 D = Spawn monster count
 E = Non-spawn monster count
 F = Spawn count percentage of total count
 G = Total turns spent on level
                    A         B        C        D         E        F      G
               +---------+---------+-------+---------+---------+-------+---------
         Total |       0 |     189 |   0.0 |       0 |      57 |   0.0 |  2249
               +---------+---------+-------+---------+---------+-------+---------
           D:1 |       0 |      19 |   0.0 |       0 |      11 |   0.0 |   504
           D:2 |       0 |      42 |   0.0 |       0 |      16 |   0.0 |  1246
           D:3 |       0 |     128 |   0.0 |       0 |      30 |   0.0 |   499
               +---------+---------+-------+---------+---------+-------+---------
